 Dungeon Crawl Stone Soup version 0.28-a0-683-ga8797d1ae1 (webtiles) character file.

Game seed: 15481409967644441411

245633 rogsnak the Eclecticist (level 19, -3/165 HPs)
             Began as a Gnoll Hedge Wizard on Oct 17, 2021.
             Was a High Priest of Sif Muna.
             Succumbed to an emperor scorpion's poison
             ... on level 1 of the Spider Nest on Oct 18, 2021.
             The game lasted 04:22:02 (49934 turns).

rogsnak the Eclecticist (Gnoll Hedge Wizard)       Turns: 49934, Time: 04:22:03

Health: -3/165     AC: 14    Str:  8      XL:     19   Next: 93%
Magic:  21/38      EV: 17    Int: 27      God:    Sif Muna [*****.]
Gold:   4227       SH:  0    Dex: 13 (14) Spells: 3/48 levels left

rFire   + + +      SeeInvis +   p - +6 battleaxe (elec)
rCold   + + .      Faith    .   (shield currently unavailable)
rNeg    . . .      Spirit   .   Q - +0 troll leather armour
rPois   +          Reflect  .   D - +0 helmet
rElec   +          Harm     .   j - +2 cloak of Focus {rC+ Regen+ Slay+3 Stlth-}
rCorr   .          Rampage  .   x - +0 pair of gloves
Will    +....                   c - +2 pair of boots
Stlth   ++++......              I - amulet of the Elephant {RegenMP rPois rF+++ rC+ Str-2}
HPRegen 2.37/turn               l - ring of see invisible
MPRegen 0.51/turn               r - ring of Denoet {rElec Int+6}

@: lethally poisoned (-3 -> -36), studying Dodging
A: fangs 1, strong nose, distributed training, agile 1, deformed body,
deterioration 1, robust 1
}: 1/15 runes: decaying
a: Renounce Religion, Channel Magic, Forget Spell, Divine Exegesis


You were on level 1 of the Spider Nest.
You worshipped Sif Muna.
Sif Muna was extremely pleased with you.
You visited 7 branches of the dungeon, and saw 32 of its levels.
You visited the Abyss 1 time.
You also visited: Bailey.

You collected 5027 gold pieces.
You spent 800 gold pieces at shops.

Inventory:

Hand Weapons
 i - the +8 autumn katana {vorpal, Clar}
   (You took it off a deep elf annihilator on level 3 of the Elven Halls)

   It inflicts extra damage upon your enemies.
   Clar:      It protects you against confusion.
 k - a +5 hand crossbow of flaming
 p - a +6 battleaxe of electrocution (weapon)
 y - a +2 dagger of venom
 K - the +7 lajatang "Qigio" {venom, +Blink rPois}
   (You took it off a deep elf pyromancer on level 3 of the Elven Halls)

   It poisons the flesh of those it strikes.
   rPois:     It protects you from poison.
   +Blink:    It lets you blink.
Missiles
 e - 11 boomerangs of dispersal
 w - 68 poisoned darts
 F - 14 atropa-tipped darts
 J - 3 throwing nets
 M - 15 curare-tipped darts
Armour
 c - a +2 pair of boots (worn)
 j - the +2 cloak of Focus (worn) {rC+ Regen+ Slay+3 Stlth-}
   (You bought it in a shop on level 2 of the Orcish Mines)

   Slay:      It affects your accuracy & damage with ranged weapons and melee
   (+3).
   rC:        It protects you from cold.
   Regen:     It increases your rate of health regeneration.
   Stlth:     It makes you less stealthy.
 x - a +0 pair of gloves (worn)
 D - a +0 helmet (worn)
 Q - a +0 troll leather armour (worn)
Jewellery
 l - a ring of see invisible (left hand)
 r - the ring of Denoet (right hand) {rElec Int+6}
   (You took it off a deep elf archer on level 1 of the Elven Halls)

   [ring of intelligence]

   Int:       It affects your intelligence (+6).
   rElec:     It insulates you from electricity.
 s - a ring of flight
 I - the amulet of the Elephant (around neck) {RegenMP rPois rF+++ rC+ Str-2}
   (You found it on level 7 of the Dungeon)

   [amulet of magic regeneration]

   It increases your rate of magic regeneration.
   Str:       It affects your strength (-2).
   rF:        It renders you almost immune to fire.
   rC:        It protects you from cold.
   rPois:     It protects you from poison.
 L - the ring "Gielol" {rElec rPois rF+ Will+++ AC+4}
   (You took it off a deep elf pyromancer on level 3 of the Elven Halls)

   [ring of protection]

   AC:        It affects your AC (+4).
   rF:        It protects you from fire.
   rElec:     It insulates you from electricity.
   rPois:     It protects you from poison.
   Will:      It greatly increases your willpower.
 O - the ring "Zaqialur" {*Slow rF++ rC+ rCorr Int+2}
   (You found it on level 4 of the Swamp)

   [ring of protection from cold]

   Int:       It affects your intelligence (+2).
   rF:        It greatly protects you from fire.
   rC:        It protects you from cold.
   rCorr:     It protects you from acid and corrosion.
   *Slow:     It may slow you when you take damage.
Wands
 a - a wand of flame (131)
 f - a wand of mindburst (30)
 m - a wand of acid (8)
 H - a wand of iceblast (28)
 V - a wand of paralysis (21)
 Y - a wand of digging (5)
Scrolls
 b - 7 scrolls of amnesia
 h - 4 scrolls of magic mapping
 n - 3 scrolls of holy word
 q - 4 scrolls of fear
 t - 9 scrolls of enchant armour
 z - 3 scrolls of brand weapon
 C - 5 scrolls of fog
 N - 2 scrolls of summoning
 P - 6 scrolls of immolation
 U - 3 scrolls of blinking
 W - 2 scrolls of silence
 X - 6 scrolls of enchant weapon
 Z - 3 scrolls of teleportation
Potions
 d - 9 potions of curing
 g - 2 potions of mutation
 o - 5 potions of flight
 u - 2 potions of magic
 v - 8 potions of might
 A - 4 potions of invisibility
 B - a potion of resistance
 E - 5 potions of haste
 R - a potion of cancellation
 S - a potion of berserk rage
 T - 5 potions of brilliance
Miscellaneous
 G - a box of beasts


   Skills:
 + Level 13.4 Fighting
 + Level 13.4 Short Blades
 + Level 13.4 Long Blades
 + Level 13.4 Axes
 + Level 13.4 Maces & Flails
 + Level 13.4 Polearms
 + Level 13.4 Staves
 + Level 13.4 Slings
 + Level 13.4 Bows
 + Level 13.4 Crossbows
 + Level 13.4 Throwing
 + Level 13.4 Armour
 + Level 14.4 Dodging
 + Level 14.0 Stealth
 + Level 13.4 Shields
 + Level 13.4 Unarmed Combat
 + Level 15.0 Spellcasting
 + Level 11.6 Conjurations
 + Level 11.4 Hexes
 + Level 11.6 Summonings
 + Level 11.4 Necromancy
 + Level 11.6 Translocations
 + Level 11.4 Transmutations
 + Level 11.4 Fire Magic
 + Level 11.4 Ice Magic
 + Level 11.4 Air Magic
 + Level 11.4 Earth Magic
 + Level 11.4 Poison Magic
 + Level 14.5 Invocations
 + Level 13.4 Evocations


You had 3 spell levels left.
You knew the following spells:

 Your Spells              Type           Power      Damage    Failure   Level
a - Magic Dart            Conj           100%       1d8       1%          1
b - Blink                 Tloc           N/A        N/A       1%          2
c - Mephitic Cloud        Conj/Pois/Air  70%        N/A       1%          3
d - Flame Wave            Conj/Fire      70%        3d12      1%          4
e - Freezing Cloud        Conj/Ice/Air   35%        6-21      1%          5
f - Dispersal             Tloc           35%        N/A       4%          6
g - Invisibility          Hex            34%        N/A       4%          6
h - Borgnjor's Vile Clut  Necr/Erth      34%        N/A       1%          5
i - Iron Shot             Conj/Erth      35%        9d7       4%          6
j - Monstrous Menagerie   Summ           35%        N/A       24%         7

Your spell library contained the following spells:

 Spells                   Type           Power      Damage    Failure   Level
 Animate Skeleton         Necr           100%       N/A       1%          1
 Apportation              Tloc           100%       N/A       1%          1
 Foxfire                  Conj/Fire      100%       2x1d9     1%          1
 Pain                     Necr           100%       1d9       1%          1
 Sandblast                Erth           100%       2d20      1%          1
 Sting                    Tmut/Pois      100%       1d8       1%          1
 Summon Small Mammal      Summ           100%       N/A       1%          1
 Call Imp                 Summ           70%        N/A       1%          2
 Ensorcelled Hibernation  Hex/Ice        100%       N/A       1%          2
 Poisonous Vapours        Pois/Air       100%       N/A       1%          2
 Scorch                   Fire           100%       2d10      1%          2
 Searing Ray              Conj           100%       2d8       1%          2
 Slow                     Hex            69%        N/A       1%          2
 Static Discharge         Conj/Air       70%        N/A       1%          2
 Sublimation of Blood     Necr           34%        N/A       1%          2
 Call Canine Familiar     Summ           70%        N/A       1%          3
 Conjure Flame            Conj/Fire      70%        6-21      1%          3
 Dazzling Flash           Conj/Hex       100%       N/A       1%          3
 Gell's Gravitas          Tloc           35%        N/A       1%          3
 Ignite Poison            Fire/Tmut/Pois 69%        N/A       1%          3
 Inner Flame              Hex/Fire       69%        N/A       1%          3
 Lesser Beckoning         Tloc           70%        N/A       1%          3
 Ozocubu's Armour         Ice            69%        N/A       1%          3
 Portal Projectile        Hex/Tloc       100%       N/A       1%          3
 Spider Form              Tmut/Pois      34%        N/A       1%          3
 Stone Arrow              Conj/Erth      100%       3d13      1%          3
 Summon Guardian Golem    Hex/Summ       70%        N/A       1%          3
 Tukima's Dance           Hex            69%        N/A       1%          3
 Vampiric Draining        Necr           34%        2d10      1%          3
 Animate Armour           Summ/Erth      100%       N/A       1%          4
 Dispel Undead            Necr           69%        3d23      1%          4
 Fulminant Prism          Conj/Hex       35%        3d18      1%          4
 Hailstorm                Conj/Ice       70%        3d15      1%          4
 Ice Form                 Ice/Tmut       69%        N/A       1%          4
 Iskenderun's Mystic Bla  Conj/Tloc      70%        2d14      1%          4
 Leda's Liquefaction      Hex/Erth       34%        N/A       1%          4
 Passage of Golubria      Tloc           70%        N/A       1%          4
 Petrify                  Tmut/Erth      69%        N/A       1%          4
 Sticky Flame             Conj/Fire      70%        2d8       1%          4
 Summon Ice Beast         Ice/Summ       70%        N/A       1%          4
 Summon Lightning Spire   Summ/Air       70%        N/A       1%          4
 Alistair's Intoxication  Tmut/Pois      46%        N/A       1%          5
 Irradiate                Conj/Tmut      35%        3d25      1%          5
 Lightning Bolt           Conj/Air       35%        1d53      1%          5
 Manifold Assault         Tloc           70%        N/A       1%          5
 Metabolic Englaciation   Hex/Ice        34%        N/A       1%          5
 Silence                  Hex/Air        34%        N/A       1%          5
 Summon Mana Viper        Hex/Summ       70%        N/A       1%          5
 Yara's Violent Unravell  Hex/Tmut       34%        3d14      1%          5
 Conjure Ball Lightning   Conj/Air       35%        3x3d11    4%          6
 Simulacrum               Ice/Necr       34%        N/A       4%          6
 Statue Form              Tmut/Erth      46%        N/A       4%          6
 Summon Cactus Giant      Summ           35%        N/A       4%          6
 Malign Gateway           Summ/Tloc      35%        N/A       24%         7
 Orb of Destruction       Conj           35%        9d13      24%         7
 Spellforged Servitor     Conj/Summ      35%        N/A       24%         7
 Summon Hydra             Summ           35%        N/A       24%         7
 Dragon Form              Tmut           34%        N/A       26%         7
 Ozocubu's Refrigeration  Ice            34%        4d11      26%         7
 Storm Form               Tmut/Air       34%        N/A       26%         7
 Disjunction              Tloc           35%        N/A       88%         8
 Lehudib's Crystal Spear  Conj/Erth      35%        10d9      88%         8
 Summon Horrible Things   Summ           35%        N/A       88%         8
 Borgnjor's Revivificati  Necr           34%        N/A       89%         8
 Discord                  Hex            34%        N/A       89%         8
 Ignition                 Fire           34%        3d11      89%         8
 Maxwell's Capacitive Co  Air            34%        ∞         89%         8
 Necromutation            Tmut/Necr      34%        N/A       89%         8
 Chain Lightning          Conj/Air       35%        3d46      100%        9
 Death's Door             Necr           34%        N/A       100%        9
 Polar Vortex             Ice            34%        N/A       100%        9
 Shatter                  Erth           34%        3d28*     100%        9


Dungeon Overview and Level Annotations

Branches:
Dungeon (15/15)            Temple (1/1) D:4            Lair (6/6) D:10
  Swamp (4/4) Lair:2       Spider (1/4) Lair:2        Slime (0/5) Lair:6
    Orc (2/2) D:9             Elf (3/3) Orc:2        Vaults (0/5) D:14
 Depths (0/4) D:15         Bailey (visited)

Altars:
Ashenzari
Cheibriados
Dithmenos
Elyvilon
Fedhas
Gozag
Hepliaklqana
Kikubaaqudgha
Makhleb
Nemelex Xobeh
Okawaru
Qazlal
Ru
Sif Muna
Trog
Uskayaw
Vehumet
Wu Jian
Xom
Yredelemnul
Zin
The Shining One
Beogh

Shops:
D:5 [   D:7 *   Orc:2 *([?*   Elf:1 =   Elf:3 =?(?

Portals:
Abyss: D:13
Trove: D:11 (give +3 shadow dragon scales)

Annotations:
D:9 1 runed translucent door, AttackTheMoon's ghost, novice MfGl
D:13 2 transporters, Obruor's ghost, journeyman DgEE
Swamp:4 Zukhihyth's ghost, adept DDFi
Spider:1 Mlioglotl


Innate Abilities, Weirdness & Mutations

You have very sharp teeth.
Your uncanny sense of smell can sniff out nearby items.
Your experience applies equally to all skills.
You are agile. (Dex +2)
Armour fits poorly on your strangely shaped body.
Your body sometimes deteriorates upon taking damage.
You are robust. (+10% HP)


Message History

The emperor scorpion closely misses you. x2
Unknown command.
Unknown command.
You feel extremely sick.
The emperor scorpion is engulfed in freezing vapours. x2
Unknown command.
Casting: Freezing Cloud (mildly dangerous; 1% risk of failure)
Confirm with . or Enter, or press ? or * to list all spells.
Aiming: Iron Shot (dangerous; 4% risk of failure)
Press: ? - help, Shift-Dir - straight line, f - emperor scorpion
Aim: an emperor scorpion (severely wounded, 67% to hit)
The iron shot hits the emperor scorpion!!
The emperor scorpion is almost dead.
You feel extremely sick. The emperor scorpion stings you.
You are more poisoned.
The emperor scorpion poisons you!
The emperor scorpion closely misses you.
The emperor scorpion claws you but does no damage.
The emperor scorpion is engulfed in freezing vapours.
Unknown command.
Unknown command.
Casting: Iron Shot (dangerous; 4% risk of failure)
Confirm with . or Enter, or press ? or * to list all spells.
Aiming: Iron Shot (dangerous; 4% risk of failure)
Press: ? - help, Shift-Dir - straight line, f/p - emperor scorpion
Aim: an emperor scorpion (almost dead, 67% to hit)
The iron shot hits the emperor scorpion!!
The emperor scorpion is almost dead.
* * * LOW HITPOINT WARNING * * *
You feel extremely sick. The emperor scorpion stings you!!
* * * LOW HITPOINT WARNING * * *
The emperor scorpion claws you!
* * * LOW HITPOINT WARNING * * *
The emperor scorpion closely misses you.
The emperor scorpion is engulfed in freezing vapours.
Unknown command.
Unknown command.
You die...

##### #[[.#
##+ #?[##
##§§. #'##
≈§§§§§###.#
..§§§§ss..#
≈§§§§§###@#
##≈.. ###'#
##+ #)..#
#.≈## ####


You could see 2 emperor scorpions.

Vanquished Creatures
  Nikola (Swamp:1)
  A bone dragon (Swamp:4)
  Jorgrun (Elf:1)
  2 deep elf master archers (Elf:3)
  3 deep elf blademasters
  5 tentacled starspawn
  Agnes (D:14)
  Roxanne (Swamp:4)
  Kirke (D:13)
  3 fenstrider witches
  The ghost of Timpunn the Zephyrmancer, a journeyman PaAE of the Shining One (Swamp:4)
  3 deep elf sorcerers (Elf:3)
  An emperor scorpion (Spider:1)
  2 deep elf elementalists (Elf:3)
  Louise (Elf:1)
  The ghost of Dittersdorf the Tortoise, a journeyman GrFi of Okawaru (Orc:2)
  5 ghouls
  Aizul (Elf:2)
  A reaper (Abyss:2)
  6 deep elf demonologists (Elf:3)
  2 nameless horrors
  7 deep elf annihilators (Elf:3)
  6 bunyips
  A blizzard demon (Abyss:2)
  4 eleionomae
  4 deep elf death magi (Elf:3)
  3 fire dragons
  A yaktaur captain (Elf:1)
  3 deep elf high priests
  Josephine (D:14)
  7 boulder beetles
  2 ice dragons
  13 hydras
  A great orb of eyes (D:13)
  3 vault guards (D:14)
  A ghost crab (Swamp:4)
  Harold (D:7)
  The ghost of Omoojoath the Cleaver, a journeyman DsGl of Okawaru (Lair:1)
  2 death knights (D:14)
  8 centaur warriors
  14 alligators
  8 two-headed ogres
  26 dancing weapons
  Urug (Lair:1)
  5 death yaks (Lair:3)
  3 tengu warriors
  5 orc high priests
  Nergalle (D:10)
  15 deep elf knights
  4 spriggans
  A wretched star (Abyss:2)
  A spatial maelstrom (Abyss:2)
  A fire crab (Lair:5)
  5 skeletal warriors (D:14)
  5 goliath frogs
  A flayed ghost (D:14)
  13 deep elf archers
  5 spriggan druids
  A deep troll (shapeshifter) (Elf:2)
  4 swamp dragons
  3 spectral hydras
  6 bog bodies
  35 deep elf pyromancers
  A wizard (D:14)
  A lindwurm (Lair:6)
  23 deep elf zephyrmancers
  A phantasmal warrior (Swamp:4)
  A harpy (shapeshifter) (D:15)
  4 orc knights
  2 orb spiders (Spider:1)
  4 orc sorcerers
  15 cyclopes
  6 wolf spiders
  A shining eye (Abyss:3)
  7 ugly things
  5 will-o-the-wisps
  2 worldbinders
  6 manticores
  A water nymph (shapeshifter) (Elf:1)
  12 elephants
  10 black mambas
  Maurice (D:8)
  A smoke demon (Abyss:2)
  14 cane toads
  2 molten gargoyles (Lair:6)
  A torpor snail (Spider:1)
  Maggie (D:7)
  2 kobold demonologists
  5 rime drakes
  Psyche (D:8)
  6 swamp worm zombies (Swamp:4)
  A hellion (Abyss:3)
  2 freezing wraiths
  11 komodo dragons
  3 efreet
  4 yaktaurs (Elf:1)
  A tengu conjurer (D:14)
  10 tyrant leeches
  2 ancient zymes
  A meliai (D:14)
  4 polar bears
  4 trolls
  2 bloated husks (Swamp:4)
  A troll (shapeshifter) (D:14)
  A harpy skeleton (Abyss:3)
  10 hornets
  14 blink frogs
  Prince Ribbit (D:7)
  9 large abominations
  4 raiju (Abyss:3)
  8 slime creatures (D:13)
  5 dream sheep (Lair:6)
  3 spectral swamp dragons (Swamp:4)
  An alligator zombie (Swamp:4)
  An air elemental (Elf:3)
  3 tarantellas (Spider:1)
  A centaur simulacrum (D:14)
  8 redbacks
  2 ynoxinuls
  6 wraiths
  4 shadows
  69 yaks
  A hog (D:14)
  8 wyverns
  2 water elementals
  A human (D:14)
  2 neqoxecs
  A fire elemental (Elf:1)
  11 basilisks
  A basilisk (shapeshifter) (D:14)
  13 vampire mosquitoes
  2 chaos spawn (Abyss:2)
  3 steam dragons
  13 swamp worms
  3 acid dragons
  3 wargs (Orc:1)
  18 water moccasins
  4 hell hounds (Lair:6)
  40 orc warriors
  3 swamp drakes
  An ice beast (shapeshifter) (D:15)
  7 swamp dragon zombies (Swamp:4)
  A black bear (D:10)
  3 necrophages
  2 sky beasts
  8 ogres
  15 centaurs
  An ice beast (D:6)
  A boggart (D:14)
  7 wolves
  2 phantoms (Swamp:4)
  A kobold brigand (D:6)
  Blork the orc (D:4)
  14 bullfrogs
  A gnoll sergeant (D:8)
  2 scorpions
  2 earth elementals (Elf:1)
  2 water moccasin skeletons (D:4)
  A wyvern skeleton (D:7)
  9 killer bees
  10 electric eels
  3 wights
  2 howler monkeys
  2 small abominations
  A bullfrog zombie (D:5)
  A crimson imp (Abyss:2)
  5 lava snakes (Lair:6)
  6 centaur zombies
  2 quasits
  A hound (D:5)
  35 orc priests
  2 centaur skeletons
  A jelly (D:7)
  2 bullfrog skeletons
  28 orc wizards
  A scorpion zombie (D:5)
  2 hound zombies (D:4)
  2 hound skeletons
  23 gnolls
  A howler monkey zombie (D:4)
  17 adders
  13 river rats (D:5)
  2 swamp drake zombies (Swamp:4)
  A white imp (Abyss:3)
  2 ufetubi
  2 adder skeletons (D:4)
  An adder zombie (D:4)
  3 worms
  4 dart slugs
  82 orcs
  4 bats
  7 endoplasms
  38 hobgoblins
  5 jackals (D:2)
  12 kobolds
  6 quokkas
  10 ball pythons
  A frilled lizard (D:1)
  40 goblins
  A jackal zombie (D:4)
  22 rats
  4 starspawn tentacles
1224 creatures vanquished.

Vanquished Creatures (collateral kills)
  The ghost of Eboth the Blocker, an adept GnFi of Okawaru (Swamp:3)
  A bloated husk (Swamp:4)
  2 redbacks (Spider:1)
  A yak (D:11)
  A tarantella (Spider:1)
  A water moccasin (Lair:1)
  A killer bee (D:11)
  An orc (D:11)
9 creatures vanquished.

Vanquished Creatures (others)
  A phantasmal warrior (Swamp:4)
  A tyrant leech (Swamp:1)
  3 bloated husks
  An air elemental (Elf:1)
  3 humans (D:14)
  3 phantoms (Swamp:4)
  An electric eel (Bailey)
  An orc (Orc:2)
  18 foxfires
  45 fungi
  134 plants
  18 starspawn tentacles
  4 toadstools (D:9)
  3 withered plants (D:4)
236 creatures vanquished.

Grand Total: 1469 creatures vanquished

Notes
Turn   | Place    | Note
-------+----------+-------------------------------------------
     0 | D:1      | rogsnak the Gnoll Hedge Wizard began the quest for the Orb.
     0 | D:1      | Reached XP level 1. HP: 13/13 MP: 8/8
   288 | D:1      | Reached XP level 2. HP: 19/19 MP: 5/10
   695 | D:2      | Reached XP level 3. HP: 25/25 MP: 9/11
   698 | D:2      | Learned a level 2 spell: Blink
   702 | D:2      | Learned a level 3 spell: Mephitic Cloud
   944 | D:2      | Reached skill level 1 in Invocations
  1066 | D:2      | Reached skill level 1 in Fighting
  1066 | D:2      | Reached skill level 1 in Short Blades
  1066 | D:2      | Reached skill level 1 in Long Blades
  1066 | D:2      | Reached skill level 1 in Axes
  1066 | D:2      | Reached skill level 1 in Maces & Flails
  1066 | D:2      | Reached skill level 1 in Polearms
  1066 | D:2      | Reached skill level 1 in Staves
  1066 | D:2      | Reached skill level 1 in Slings
  1066 | D:2      | Reached skill level 1 in Bows
  1066 | D:2      | Reached skill level 1 in Crossbows
  1066 | D:2      | Reached skill level 1 in Throwing
  1066 | D:2      | Reached skill level 1 in Armour
  1066 | D:2      | Reached skill level 1 in Shields
  1066 | D:2      | Reached skill level 1 in Unarmed Combat
  1066 | D:2      | Reached skill level 1 in Evocations
  1290 | D:2      | Reached XP level 4. HP: 26/32 MP: 13/13
  1644 | D:2      | Reached skill level 1 in Hexes
  1644 | D:2      | Reached skill level 1 in Necromancy
  1644 | D:2      | Reached skill level 1 in Transmutations
  1644 | D:2      | Reached skill level 1 in Fire Magic
  1644 | D:2      | Reached skill level 1 in Ice Magic
  1644 | D:2      | Reached skill level 1 in Air Magic
  1644 | D:2      | Reached skill level 1 in Earth Magic
  1644 | D:2      | Reached skill level 1 in Poison Magic
  2231 | D:3      | Reached XP level 5. HP: 37/37 MP: 5/14
  3426 | D:3      | Reached XP level 6. HP: 44/44 MP: 14/16
  4068 | D:3      | Reached skill level 5 in Dodging
  5717 | D:4      | Reached XP level 7. HP: 46/50 MP: 10/18
  6112 | D:4      | Found an iron altar of Okawaru.
  6681 | D:4      | Noticed Blork the orc
  6798 | D:4      | Found a broken altar of Ashenzari.
  6863 | D:4      | Found a staircase to the Ecumenical Temple.
  6873 | D:4      | Reached skill level 5 in Stealth
  6884 | Temple   | Entered the Ecumenical Temple
  7688 | D:4      | Killed Blork the orc
  7689 | D:4      | Reached XP level 8. HP: 47/57 MP: 16/19
  7730 | D:5      | Entered Level 5 of the Dungeon
  8362 | D:5      | Reached skill level 8 in Spellcasting
  8484 | D:5      | Found Lisiax's Armour Shop.
  9242 | D:5      | Reached XP level 9. HP: 46/65 MP: 13/21
 11630 | D:7      | Noticed Harold
 11908 | D:7      | Identified the amulet of the Elephant {RegenMP rPois rF+++
                  | rC+ Str-2}
 12156 | D:7      | Killed Harold
 12157 | D:7      | Reached skill level 5 in Invocations
 12388 | D:7      | Noticed Prince Ribbit
 12394 | D:7      | Killed Prince Ribbit
 12395 | D:7      | Reached XP level 10. HP: 73/73 MP: 22/22
 12817 | D:7      | Reached skill level 5 in Fighting
 12817 | D:7      | Reached skill level 5 in Short Blades
 12817 | D:7      | Reached skill level 5 in Long Blades
 12817 | D:7      | Reached skill level 5 in Axes
 12817 | D:7      | Reached skill level 5 in Maces & Flails
 12817 | D:7      | Reached skill level 5 in Polearms
 12817 | D:7      | Reached skill level 5 in Staves
 12817 | D:7      | Reached skill level 5 in Slings
 12817 | D:7      | Reached skill level 5 in Bows
 12817 | D:7      | Reached skill level 5 in Crossbows
 12817 | D:7      | Reached skill level 5 in Throwing
 12817 | D:7      | Reached skill level 5 in Armour
 12817 | D:7      | Reached skill level 5 in Shields
 12817 | D:7      | Reached skill level 5 in Unarmed Combat
 12817 | D:7      | Reached skill level 5 in Evocations
 13054 | D:7      | Noticed Maggie
 13123 | D:7      | Killed Maggie
 13387 | D:7      | Found Tuuck's Serpentskin Sales.
 13699 | D:8      | Noticed Psyche
 13954 | D:8      | Noticed Maurice
 13993 | D:8      | Killed Maurice
 14003 | D:8      | Killed Psyche
 14004 | D:8      | Reached skill level 9 in Spellcasting
 14047 | D:8      | Reached skill level 5 in Conjurations
 14047 | D:8      | Reached skill level 5 in Summonings
 14047 | D:8      | Reached skill level 5 in Translocations
 14065 | D:8      | Found a radiant altar of Vehumet.
 14070 | D:8      | Found a burning altar of Makhleb.
 14073 | D:8      | Found a glowing silver altar of Zin.
 14074 | D:8      | Noticed a blizzard demon
 14074 | D:8      | Noticed an angel
 14267 | D:8      | Found a shimmering blue altar of Sif Muna.
 14275 | D:8      | Got Sif Muna's Volume of Igneous Enchantment
 14283 | D:8      | Became a worshipper of Sif Muna the Loreminder
 14288 | D:8      | Found a bloodstained altar of Trog.
 15732 | D:9      | Noticed a two-headed ogre
 15967 | D:9      | Noticed a two-headed ogre
 15990 | D:9      | Killed a two-headed ogre
 15991 | D:9      | Reached XP level 11. HP: 64/81 MP: 15/24
 16112 | D:9      | Killed a two-headed ogre
 16113 | D:9      | Reached skill level 5 in Hexes
 16113 | D:9      | Reached skill level 5 in Necromancy
 16113 | D:9      | Reached skill level 5 in Transmutations
 16113 | D:9      | Reached skill level 5 in Fire Magic
 16113 | D:9      | Reached skill level 5 in Ice Magic
 16113 | D:9      | Reached skill level 5 in Air Magic
 16113 | D:9      | Reached skill level 5 in Earth Magic
 16113 | D:9      | Reached skill level 5 in Poison Magic
 16447 | D:9      | Found a staircase to the Orcish Mines.
 16708 | D:9      | Found a runed translucent door.
 16708 | D:9      | Noticed AttackTheMoon's ghost (novice MfGl)
 16803 | D:9      | Noticed a two-headed ogre
 16809 | D:9      | Noticed a two-headed ogre
 16836 | D:9      | Killed a two-headed ogre
 16866 | D:9      | Killed a two-headed ogre
 16976 | D:10     | Entered Level 10 of the Dungeon
 16977 | D:10     | Found a staircase to the Lair.
 17314 | D:10     | Noticed a two-headed ogre
 17348 | D:10     | Noticed Nergalle
 17449 | D:10     | Killed Nergalle
 17459 | D:10     | Found a hazy altar of Hepliaklqana.
 17491 | D:10     | Reached * piety under Sif Muna
 17939 | D:10     | Killed a two-headed ogre
 18832 | D:11     | Noticed a cyclops
 18845 | D:11     | Killed a cyclops
 18999 | D:11     | Reached skill level 10 in Spellcasting
 18999 | D:11     | Reached XP level 12. HP: 51/89 MP: 24/26
 19300 | D:11     | Noticed a two-headed ogre
 19315 | D:11     | Killed a two-headed ogre
 19496 | D:11     | Reached ** piety under Sif Muna
 19575 | D:11     | Found a portal to a secret trove of treasure.
 19820 | D:12     | Learned a level 4 spell: Flame Wave
 19942 | D:12     | Got the Catalogue of Poison
 20229 | D:12     | Noticed a two-headed ogre
 20243 | D:12     | Killed a two-headed ogre
 20528 | D:13     | Found a transporter.
 20544 | D:13     | Found a transporter.
 20554 | D:13     | Noticed a thrashing horror
 20555 | D:13     | Noticed Obruor's ghost (journeyman DgEE)
 20563 | D:13     | Noticed a starcursed mass
 20598 | D:13     | Noticed a six-headed hydra
 20702 | Orc:1    | Entered Level 1 of the Orcish Mines
 21330 | Orc:2    | Entered Level 2 of the Orcish Mines
 21748 | Orc:1    | Reached *** piety under Sif Muna
 21807 | Orc:2    | Noticed an orc high priest
 21949 | Orc:2    | Noticed a sun demon
 21964 | Orc:1    | Killed an orc high priest
 22266 | Orc:2    | Noticed an orc high priest
 22266 | Orc:2    | Noticed an orc high priest
 22547 | Orc:1    | Killed an orc high priest
 22884 | Orc:2    | Noticed an orc high priest
 23364 | Orc:1    | Killed an orc high priest
 23669 | Orc:2    | Killed an orc high priest
 23670 | Orc:2    | Reached XP level 13. HP: 54/98 MP: 27/27
 23895 | Orc:2    | Found Wiefuask's Magic Scroll Boutique.
 23895 | Orc:2    | Found Tocw's Weapon Shop.
 23896 | Orc:2    | Found Pifrin's General Store.
 23900 | Orc:2    | Found Qaidd's Antique Armour Boutique.
 23905 | Orc:2    | Bought a brightly glowing cloak for 218 gold pieces
 23905 | Orc:2    | Identified the +2 cloak of Focus {rC+ Regen+ Slay+3 Stlth-}
                  | (You bought it in a shop on level 2 of the Orcish Mines)
 23937 | Orc:2    | Reached **** piety under Sif Muna
 23965 | Orc:2    | Found Duuwkil's Assorted Antiques.
 23981 | Orc:2    | Bought a warped rapier for 207 gold pieces
 23981 | Orc:2    | Identified the +3 rapier of the Jolly Seas {flame, rF+
                  | Stlth+} (You bought it in a shop on level 2 of the Orcish
                  | Mines)
 24304 | Orc:2    | Found a staircase to the Elven Halls.
 24528 | Orc:2    | Found a runed translucent door.
 24531 | Orc:2    | Noticed Dittersdorf's ghost (journeyman GrFi)
 25021 | Lair:1   | Entered Level 1 of the Lair of Beasts
 25134 | Lair:1   | Noticed Urug
 25179 | Lair:1   | Killed Urug
 25229 | Lair:1   | Found a runed translucent gate.
 25231 | Lair:1   | Found a runed translucent gate.
 25235 | Lair:1   | Found a runed translucent gate.
 25235 | Lair:1   | Noticed Omoojoath's ghost (journeyman DsGl)
 25294 | Lair:1   | Reached ***** piety under Sif Muna
 25294 | Lair:1   | Received a gift from Sif Muna
 25299 | Lair:1   | Reached skill level 11 in Spellcasting
 25328 | Lair:1   | Learned a level 5 spell: Freezing Cloud
 25389 | Lair:1   | Identified the +2 robe of Gibros {Fly Str+2}
 25940 | Lair:2   | Found a staircase to the Swamp.
 26291 | Lair:2   | Found a hole to the Spider Nest.
 26359 | Lair:2   | You fall into a shaft and drop 1 floor!
 26839 | Lair:3   | Received a gift from Sif Muna
 26840 | Lair:3   | Got Sif Muna's Tome of the Harmful Compass {god gift}
 26884 | Lair:3   | Reached skill level 10 in Dodging
 26884 | Lair:3   | Reached XP level 14. HP: 106/106 MP: 29/29
 27097 | Lair:3   | Reached skill level 10 in Stealth
 27446 | Lair:3   | Reached skill level 10 in Invocations
 28699 | Lair:4   | You are sucked into a shaft and drop 2 floors!
 28699 | Lair:6   | Entered Level 6 of the Lair of Beasts
 29297 | Lair:5   | You are sucked into a shaft and drop 1 floor!
 30096 | Lair:6   | Received a gift from Sif Muna
 30097 | Lair:6   | Got Buit's Collected Works on Dislocation and Malediction
                  | {god gift}
 30099 | Lair:6   | Reached skill level 12 in Spellcasting
 30217 | Lair:6   | Reached XP level 15. HP: 100/115 MP: 31/31
 30398 | Lair:6   | Found a staircase to the Slime Pits.
 30643 | Lair:6   | Found a large runed translucent door.
 30732 | Lair:6   | Found a large runed translucent door.
 30738 | Lair:6   | Reached skill level 10 in Fighting
 30738 | Lair:6   | Reached skill level 10 in Short Blades
 30738 | Lair:6   | Reached skill level 10 in Long Blades
 30738 | Lair:6   | Reached skill level 10 in Axes
 30738 | Lair:6   | Reached skill level 10 in Maces & Flails
 30738 | Lair:6   | Reached skill level 10 in Polearms
 30738 | Lair:6   | Reached skill level 10 in Staves
 30738 | Lair:6   | Reached skill level 10 in Slings
 30738 | Lair:6   | Reached skill level 10 in Bows
 30738 | Lair:6   | Reached skill level 10 in Crossbows
 30738 | Lair:6   | Reached skill level 10 in Throwing
 30738 | Lair:6   | Reached skill level 10 in Armour
 30738 | Lair:6   | Reached skill level 10 in Shields
 30738 | Lair:6   | Reached skill level 10 in Unarmed Combat
 30738 | Lair:6   | Reached skill level 10 in Evocations
 30982 | Swamp:1  | Entered Level 1 of the Swamp
 31034 | Swamp:1  | Noticed a fenstrider witch
 31044 | Swamp:1  | Killed a fenstrider witch
 31119 | Swamp:1  | Found a glowing golden altar of the Shining One.
 31167 | Swamp:1  | Noticed Nikola
 31264 | Spider:1 | Entered Level 1 of the Spider Nest
 31272 | Spider:1 | Noticed Mlioglotl
 31507 | D:12     | Received a gift from Sif Muna
 31519 | D:12     | Got Iggul's Volume of Entrancing Toxins {god gift}
 31749 | D:13     | Paralysed by a great orb of eyes for 7 turns
 31769 | D:13     | Found a one-way gate to the infinite horrors of the Abyss.
 32335 | D:14     | Noticed Agnes
 32345 | D:14     | Killed Agnes
 32601 | D:14     | Found a flagged portal.
 32613 | Bailey   | Entered a bailey
 32663 | Bailey   | Found an iron altar of Okawaru.
 33031 | Bailey   | Acquired 790 gold pieces
 33051 | Bailey   | Identified the +5 plate armour "Xotiept" {Contam rF+ MP+9
                  | Int+6}
 33234 | Bailey   | Acquired a +1 tower shield of reflection
 33293 | D:14     | Reached XP level 16. HP: 40/123 MP: 24/32
 33345 | D:14     | Received a gift from Sif Muna
 33360 | D:14     | Learned a level 6 spell: Dispersal
 33667 | D:14     | HP: 5/124 [cyclops (25)]
 33890 | D:14     | Noticed Kirke
 33905 | D:13     | Noticed a sphinx
 33905 | D:13     | Killed Kirke
 34245 | Swamp:1  | Killed Nikola
 35168 | Swamp:2  | Reached skill level 13 in Spellcasting
 35365 | Swamp:2  | Received a gift from Sif Muna
 35379 | Swamp:2  | Got Sif Muna's Papyrus of the Rocks {god gift}
 36997 | Swamp:4  | Entered Level 4 of the Swamp
 36997 | Swamp:4  | Noticed Roxanne
 36997 | Swamp:4  | Noticed a fenstrider witch
 37047 | Swamp:4  | Paralysed by a fenstrider witch for 5 turns
 37116 | Swamp:4  | Noticed a fenstrider witch
 37254 | Swamp:4  | Killed a fenstrider witch
 37302 | Swamp:3  | Killed a fenstrider witch
 37389 | Swamp:3  | Reached XP level 17. HP: 131/131 MP: 21/34
 38173 | D:14     | Noticed Josephine
 38193 | D:14     | Killed Josephine
 38265 | D:14     | Found a gate to the Vaults.
 38300 | D:13     | Received a gift from Sif Muna
 38301 | D:13     | Reached skill level 10 in Conjurations
 38301 | D:13     | Reached skill level 10 in Summonings
 38301 | D:13     | Reached skill level 10 in Translocations
 38485 | D:14     | Identified the amulet of Ighugh {Spirit rF+}
 38866 | D:15     | Entered Level 15 of the Dungeon
 39266 | D:15     | Found a staircase to the Depths.
 40065 | D:15     | Learned a level 6 spell: Invisibility
 40282 | Elf:1    | Entered Level 1 of the Elven Halls
 40335 | Elf:1    | Found a radiant altar of Vehumet.
 40356 | Elf:1    | Reached skill level 10 in Hexes
 40356 | Elf:1    | Reached skill level 10 in Necromancy
 40356 | Elf:1    | Reached skill level 10 in Transmutations
 40356 | Elf:1    | Reached skill level 10 in Fire Magic
 40356 | Elf:1    | Reached skill level 10 in Ice Magic
 40356 | Elf:1    | Reached skill level 10 in Air Magic
 40356 | Elf:1    | Reached skill level 10 in Earth Magic
 40356 | Elf:1    | Reached skill level 10 in Poison Magic
 40449 | Elf:1    | Noticed Louise
 40506 | Elf:1    | Received a gift from Sif Muna
 40507 | Elf:1    | Got Luus's Compendium of Transformation and the Mountains
                  | {god gift}
 40514 | Elf:1    | Learned a level 5 spell: Borgnjor's Vile Clutch
 40521 | Elf:1    | Learned a level 6 spell: Iron Shot
 40695 | Elf:1    | Noticed Jorgrun
 40725 | Elf:1    | HP: 2/133 [Louise/stone arrow (10)]
 40729 | Elf:1    | Killed Jorgrun
 40820 | Elf:1    | Killed Louise
 41243 | Elf:1    | Identified the ring of Denoet {rElec Int+6}
 41655 | Elf:1    | Reached XP level 18. HP: 127/140 MP: 25/35
 41718 | Elf:1    | Found Uced's Jewellery Emporium.
 42004 | Elf:2    | Reached skill level 14 in Spellcasting
 42011 | Elf:2    | Found a runed translucent gate.
 42011 | Elf:2    | Found a runed translucent gate.
 42011 | Elf:2    | Found a runed translucent gate.
 42102 | Elf:2    | Noticed Aizul
 42115 | Elf:2    | Killed Aizul
 42899 | Elf:2    | Received a gift from Sif Muna
 42900 | Elf:2    | Got Sif Muna's Grimoire of Twisted Necromancy {god gift}
 43105 | Elf:2    | Noticed a deep elf blademaster
 43111 | Elf:2    | Killed a deep elf blademaster
 43697 | Elf:3    | Entered Level 3 of the Elven Halls
 44018 | Elf:3    | Found Hothraju's Magic Scroll Boutique.
 44018 | Elf:3    | Found Sapt's Jewellery Shop.
 44019 | Elf:3    | Found Maug's Weapon Boutique.
 44021 | Elf:3    | Found Kitup's Magic Scroll Shop.
 44044 | Elf:3    | Bought a scroll of blinking for 105 gold pieces
 44044 | Elf:3    | Bought a scroll of blinking for 105 gold pieces
 44056 | Elf:3    | Bought a ring of see invisible for 165 gold pieces
 44652 | Elf:3    | Noticed a deep elf blademaster
 44659 | Elf:3    | Killed a deep elf blademaster
 44681 | Elf:3    | Upgraded the game from 0.28-a0-674-gdaf460b524 to
                  | 0.28-a0-683-ga8797d1ae1
 44716 | Elf:3    | Noticed a Hell Sentinel
 44733 | Elf:3    | Cast into level 2 of the Abyss (a deep elf sorcerer)
 44770 | Abyss:2  | Found a stormy altar of Qazlal.
 45052 | Abyss:2  | Reached XP level 19. HP: 129/148 MP: 23/37
 45257 | Abyss:2  | Learned a level 7 spell: Monstrous Menagerie
 45602 | Abyss:2  | Noticed an ancient lich
 45745 | Abyss:3  | HP: 3/118 [large abomination (32)]
 45800 | Abyss:3  | Received a gift from Sif Muna
 45800 | Abyss:3  | Gained mutation: You expend magic power (3 MP) to
                  | strengthen your wands. [a shining eye]
 45805 | Abyss:3  | Gained mutation: You are clumsy. (Dex -2) [a shining eye]
 45810 | Abyss:3  | Got Sif Muna's Tome of Twisted Summoning {god gift}
 45886 | Abyss:3  | Gained mutation: You sometimes lose the ability to read
                  | scrolls when taking damage. [a neqoxec]
 46013 | Abyss:3  | Lost mutation: You sometimes lose the ability to read
                  | scrolls when taking damage. [potion of mutation]
 46013 | Abyss:3  | Lost mutation: You expend magic power (3 MP) to strengthen
                  | your wands. [potion of mutation]
 46013 | Abyss:3  | Lost mutation: You are clumsy. (Dex -2) [potion of
                  | mutation]
 46013 | Abyss:3  | Gained mutation: You are robust. (+10% HP) [potion of
                  | mutation]
 46013 | Abyss:3  | Gained mutation: Your body sometimes deteriorates upon
                  | taking damage. [potion of mutation]
 46013 | Abyss:3  | Gained mutation: Armour fits poorly on your strangely
                  | shaped body. [potion of mutation]
 46013 | Abyss:3  | Gained mutation: You are agile. (Dex +2) [potion of
                  | mutation]
 46082 | Elf:3    | Escaped the Abyss
 46269 | Elf:3    | Identified the +7 lajatang "Qigio" {venom, +Blink rPois}
 46269 | Elf:3    | Identified the ring "Gielol" {rElec rPois rF+ Will+++ AC+4}
 46681 | Elf:3    | Identified the +12 hunting sling of Mackin {freeze, Fly
                  | Will- Int+4 SInv}
 46688 | Elf:3    | Identified the +5 trident "Likkicub" {freeze, *Corrode
                  | rElec Will+ Dex+2}
 46689 | Elf:3    | Identified the +1 chain mail of Horigixt {rF- Will+ Dex+4
                  | Stlth+}
 47144 | Orc:2    | Killed Dittersdorf's ghost
 47572 | Lair:1   | Killed Omoojoath's ghost
 48020 | Swamp:4  | HP: 4/161 [poison (dark miasma)]
 48021 | Swamp:4  | HP: 1/161 [poison (dark miasma)]
 48029 | Swamp:4  | HP: 7/161 [spriggan druid/stone arrow (24)]
 48201 | Swamp:4  | Received a gift from Sif Muna
 48202 | Swamp:4  | Got Duabbeow's Disquisition on the Harmful Blaze {god gift}
 48672 | Swamp:4  | Noticed a bone dragon
 48711 | Swamp:4  | Killed a bone dragon
 48787 | Swamp:4  | Got a decaying rune of Zot
 49094 | Swamp:4  | Killed Roxanne
 49210 | Swamp:4  | Found a runed translucent gate.
 49210 | Swamp:4  | Found a runed translucent gate.
 49210 | Swamp:4  | Found a runed translucent gate.
 49225 | Swamp:4  | Noticed Timpunn's ghost (journeyman PaAE)
 49226 | Swamp:4  | Noticed Eboth's ghost (adept GnFi)
 49226 | Swamp:4  | Noticed Zukhihyth's ghost (adept DDFi)
 49299 | Swamp:3  | Killed Eboth's ghost
 49300 | Swamp:3  | Reached skill level 15 in Spellcasting
 49423 | Swamp:4  | Killed Timpunn's ghost
 49452 | Swamp:4  | Identified the ring "Zaqialur" {*Slow rF++ rC+ rCorr Int+2}
 49933 | Spider:1 | HP: 7/165 [emperor scorpion (11)]
 49934 | Spider:1 | Succumbed to an emperor scorpion's poison

Illustrated notes

Levels and vault maps discovered:
D:1:      dpeg_arrival_refuge, layout_basic
D:2:      layout_basic, minmay_crystal_room
D:3:      minmay_goblin_kobold_castle, layout_basic, glass_columns_a,
          minmay_snake_closets
D:4:      layout_loops_ring, nicolae_ashenzari_skybound,
          mainiacjoe_overflow_small_starburst, temple_green, serial_undead,
          serial_undead_a, serial_undead_e, serial_undead_c, serial_undead_f,
          uniq_blork_the_orc
D:5:      lemuel_ratsnest, layout_basic, serial_shops, shop
D:6:      layout_layer_cave, kennysheep_small_spiral,
          amcnicky_mini_rare_corridor_liquid, lemuel_old_faithful
D:7:      layout_cave_pods, guppyfry_shop_venom, uniq_maggie, uniq_harold,
          uniq_prince_ribbit1
D:8:      layout_layer_cave, nzn_overflow_gifts_of_might_and_magic,
          mainiacjoe_overflow_cross_hatched,
          grunt_temple_overflow_order_and_chaos_2, uniq_maurice, uniq_psyche
D:9:      minmay_bubble_buster, layout_basic, orc_0_dummy,
          ebering_ghost_reflecting_pool, minmay_variable_closet,
          minmay_gold_behind_fungi
D:10:     layout_roguey, lemuel_doored_altar, david_lair_generic, serial_bayou,
          serial_bayou_crossing, serial_bayou_shore_b, serial_bayou_lagoon_b,
          serial_bayou_pond_e, serial_bayou_ford_a, serial_bayou_lagoon_a,
          small_statue_alley_a, minmay_misc_feat_x, uniq_nergalle
D:11:     layout_rooms, enter_trove_1
D:12:     layout_small_grid
D:13:     minmay_bloctagon_deflated, layout_basic,
          gammafunk_ghost_abyssal_escape
D:14:     minmay_swirls_squares, layout_irregular_city,
          lightli_vaults_fourway_checkpoint, moated_statue, enter_bailey_5,
          hangedman_decor_lopped, roderic_three_in_a_row, uniq_kirke,
          uniq_agnes, uniq_josephine
D:15:     grunt_enter_depths_hoard, layout_grid_maze, roderic_nine_men_s_morris
Temple:   dpeg_chambers_temple
Lair:1:   layout_cave_shapes, gammafunk_ghost_split, lemuel_fruit_tree,
          grunt_megastairs_3, uniq_urug
Lair:2:   layout_gridlike, palyth_hydra_swamp_entry, spider_nest_entry_webs,
          beast_lair_carwin_6
Lair:3:   layout_layer_cave
Lair:4:   layout_small_grid, kennysheep_basilisk_garden, serial_bayou_shore_a
Lair:5:   layout_gridlike
Lair:6:   cheibrodos_lair_end_hotspot, layout_regular_city,
          dpeg_slime_entry_corner
Swamp:1:  layout_basic_swamp, lemuel_altar_in_water2, uniq_nikola
Swamp:2:  layout_basic_swamp, serial_swamp_ruin, evilmike_swamp_ruin_rubble_2,
          evilmike_swamp_ruin_house_5, evilmike_swamp_ruin_house_3
Swamp:3:  layout_falls_marsh, hangedman_swamp_cone, nicolae_swamp_fairy_circle
Swamp:4:  swamp_pestilence, layout_basic_swamp, gammafunk_ghost_cemetery,
          swamp_pool5, infiniplex_staircase_pool, uniq_roxanne
Spider:1: spiders_nest_scorpion_pit, drop_trap, uniq_mlioglotl
Orc:1:    layout_diamond_mine
Orc:2:    st_orc_mages, layout_caves, basic_altar, special_room,
          hellmonk_ghost_happy_afterlife, serial_shops, nicolae_shop_waterfront,
          abandoned_shop
Elf:1:    eino_elf_arrival_altar, layout_gridlike, serial_shops, shop,
          kennysheep_underground_church, minmay_the_grid_2x2
          [minmay_the_grid_armoury, minmay_the_grid_medium_cups,
          minmay_the_grid_garden, minmay_the_grid_prize_big_room], uniq_louise,
          uniq_jorgrun
Elf:2:    elven_hall_of_blades_hangedman_original [mumra_blade_entry_bloodbath],
          layout_loops_corners, uniq_aizul
Elf:3:    elf_hall_gauntlet_wide, layout_geoelf_diagonals,
          small_chamber_with_monster, minmay_shoptagon

Skill      XL: |  1  2  3  4  5  6  7  8  9 10 11 12 13 14 15 16 17 18 19 |
---------------+----------------------------------------------------------+-----
Conjurations   | 2 3 4 5 6 7 8 9 10 11 | 11.6
Summonings     | 2 3 4 5 6 7 8 9 10 11 | 11.6
Translocations | 2 3 4 5 6 7 8 9 10 11 | 11.6
Invocations    | 1 2 3 4 5 6 7 8 9 10 11 12 13 14 | 14.5
Fighting       | 1 2 3 4 5 6 7 8 9 10 11 12 13 | 13.4
Short Blades   | 1 2 3 4 5 6 7 8 9 10 11 12 13 | 13.4
Long Blades    | 1 2 3 4 5 6 7 8 9 10 11 12 13 | 13.4
Axes           | 1 2 3 4 5 6 7 8 9 10 11 12 13 | 13.4
Maces & Flails | 1 2 3 4 5 6 7 8 9 10 11 12 13 | 13.4
Polearms       | 1 2 3 4 5 6 7 8 9 10 11 12 13 | 13.4
Staves         | 1 2 3 4 5 6 7 8 9 10 11 12 13 | 13.4
Slings         | 1 2 3 4 5 6 7 8 9 10 11 12 13 | 13.4
Bows           | 1 2 3 4 5 6 7 8 9 10 11 12 13 | 13.4
Crossbows      | 1 2 3 4 5 6 7 8 9 10 11 12 13 | 13.4
Throwing       | 1 2 3 4 5 6 7 8 9 10 11 12 13 | 13.4
Armour         | 1 2 3 4 5 6 7 8 9 10 11 12 13 | 13.4
Shields        | 1 2 3 4 5 6 7 8 9 10 11 12 13 | 13.4
Unarmed Combat | 1 2 3 4 5 6 7 8 9 10 11 12 13 | 13.4
Evocations     | 1 2 3 4 5 6 7 8 9 10 11 12 13 | 13.4
Hexes          | 1 2 3 4 5 6 7 8 9 10 11 | 11.4
Necromancy     | 1 2 3 4 5 6 7 8 9 10 11 | 11.4
Transmutations | 1 2 3 4 5 6 7 8 9 10 11 | 11.4
Fire Magic     | 1 2 3 4 5 6 7 8 9 10 11 | 11.4
Ice Magic      | 1 2 3 4 5 6 7 8 9 10 11 | 11.4
Air Magic      | 1 2 3 4 5 6 7 8 9 10 11 | 11.4
Earth Magic    | 1 2 3 4 5 6 7 8 9 10 11 | 11.4
Poison Magic   | 1 2 3 4 5 6 7 8 9 10 11 | 11.4
Dodging        | 5 6 7 8 9 10 11 12 13 14 | 14.4
Stealth        | 5 6 7 8 9 10 11 12 13 14 | 14.0
Spellcasting   | 8 9 10 11 12 13 14 15 | 15.0

Action                   |  1- 3 |  4- 6 |  7- 9 | 10-12 | 13-15 | 16-18 | 19-21 || total
-------------------------+-------+-------+-------+-------+-------+-------+-------++-------
Melee: Dagger            |    28 |   120 |   325 |   444 |   191 |    50 |     1 ||  1159
       Bite              |     3 |     6 |    49 |    72 |    57 |    51 |    23 ||   261
       Punch             |       |     1 |    10 |    20 |    15 |       |       ||    46
       Spear             |       |       |   111 |   105 |       |       |       ||   216
       Scimitar          |       |       |       |    27 |       |       |       ||    27
       Trident           |       |       |       |   111 |       |       |       ||   111
       Mace              |       |       |       |     4 |       |       |       ||     4
       Battleaxe         |       |       |       |       |   537 |   583 |   220 ||  1340
       Short sword       |       |       |       |       |    10 |       |       ||    10
       Katana            |       |       |       |       |       |       |    36 ||    36
 Cast: Magic Dart        |    58 |   185 |   138 |    92 |    87 |    80 |    55 ||   695
       Mephitic Cloud    |       |    11 |    24 |   145 |    92 |   114 |    11 ||   397
       Blink             |       |       |     3 |    14 |    10 |    23 |     9 ||    59
       Freezing Cloud    |       |       |       |       |    64 |   137 |    41 ||   242
       Flame Wave        |       |       |       |       |     9 |    28 |       ||    37
       Dispersal         |       |       |       |       |       |     1 |       ||     1
       Iron Shot         |       |       |       |       |       |    32 |   115 ||   147
       Borgnjor's Vile C |       |       |       |       |       |    78 |    22 ||   100
       Monstrous Menager |       |       |       |       |       |       |     7 ||     7
Evoke: Wand              |       |       |       |       |     3 |     9 |     3 ||    15
       Tin of tremorston |       |       |       |       |       |     1 |       ||     1
  Use: Scroll            |       |       |       |    18 |    13 |     6 |     4 ||    41
       Potion            |       |       |       |       |       |     6 |     6 ||    12
 Stab: Sleeping          |     6 |     8 |     6 |     6 |    11 |     6 |     2 ||    45
       Confused          |       |     3 |     9 |    76 |    66 |    49 |     3 ||   206
       Distracted        |       |       |       |       |     1 |       |     1 ||     2
Armor: Robe              |     2 |    12 |    50 |     5 |       |       |       ||    69
       Acid dragon scale |       |       |       |   165 |     2 |       |       ||   167
       Troll leather arm |       |       |       |       |   237 |   265 |   175 ||   677
Dodge: Dodged            |    12 |    73 |   237 |   343 |   466 |   521 |   316 ||  1968
       Repelled          |       |       |       |    10 |       |     1 |       ||    11
Block: Kite shield       |       |       |       |       |     2 |       |       ||     2

Table legend: (Time is in decaauts)
 A = Elapsed time spent in this place.
 B = Non-inter-level travel time spent in this place.
 C = Inter-level travel time spent in this place.
 D = Time resting spent in this place.
 E = Time spent auto-exploring this place.
 F = Levels seen in this place.
 G = Mean time per level.
                   A        B        C        D        E       F      G
               +--------+--------+--------+--------+--------+-----+--------+
         Total |  50169 |  47959 |   2210 |  12797 |  17926 |  35 | 1433.4 |
       Dungeon |  25925 |  24923 |   1002 |   7303 |  10360 |  15 | 1728.3 |
        Temple |    272 |    272 |      0 |      0 |    225 |   1 |  272.0 |
          Lair |   6668 |   6064 |    604 |    505 |   3473 |   6 | 1111.3 |
         Swamp |   5680 |   5459 |    221 |   1353 |   1671 |   4 | 1420.0 |
   Spider Nest |    211 |    211 |      0 |     89 |      0 |   1 |  211.0 |
  Orcish Mines |   3867 |   3691 |    176 |   1605 |    824 |   2 | 1933.5 |
   Elven Halls |   5493 |   5288 |    205 |   1230 |   1373 |   3 | 1831.0 |
         Abyss |   1383 |   1383 |      0 |    494 |      0 |   2 |  691.5 |
        Bailey |    666 |    666 |      0 |    216 |      0 |   1 |  666.0 |
               +--------+--------+--------+--------+--------+-----+--------+

Top non-repeatable levels by time:
     D:3: 3751 daAuts
   Orc:1: 2617 daAuts
     D:9: 2403 daAuts
     D:6: 2242 daAuts
    D:10: 2054 daAuts
   Elf:3: 1956 daAuts
    D:14: 1904 daAuts
 Swamp:3: 1899 daAuts
     D:5: 1896 daAuts
   Elf:2: 1875 daAuts
     D:7: 1870 daAuts
   Elf:1: 1661 daAuts
     D:8: 1635 daAuts
     D:4: 1582 daAuts
 Swamp:4: 1517 daAuts
